 Dungeon Crawl Stone Soup version 0.25.1-2-g60ff931df9 (webtiles) character file.

Game seed: 14344924612861320730

32 Descartes the Sneak (level 3, 0/17 HPs)
             Began as a Felid Monk on Nov 9, 2020.
             Slain by an iguana (5 damage)
             ... on level 2 of the Dungeon.
             The game lasted 00:01:15 (1162 turns).

Descartes the Sneak (Felid Monk)                    Turns: 1162, Time: 00:01:15

Health: 0/17       AC:  1    Str:  8    XL:     3   Next: 8%
Magic:  4/4        EV: 19    Int: 11    God:
Gold:   9          SH:  0    Dex: 18    Spells: 2/2 levels left
                                        Lives:  0   Deaths: 0

rFire    . . .     SeeInvis +     - Unarmed
rCold    . . .     Gourm    .   (shield unavailable)
rNeg     . . .     Faith    .   (armour unavailable)
rPois    .         Spirit   .   (helmet unavailable)
rElec    .         Reflect  .   (cloak unavailable)
rCorr    .         Harm     .   (gloves unavailable)
MR       .....                  (boots unavailable)
Stlth    ++++......             (no amulet)
HPRegen  0.05/turn              (no ring)
MPRegen  0.09/turn              (no ring)

@: quick
A: very small, no armour, no weapons or thrown items, stealth, claws 1, fangs 3,
see invisible, carnivore, speed 1, shaggy fur 1, slow metabolism 1, sharp paws
a: no special abilities


You were on level 2 of the Dungeon.
You were completely stuffed.

You visited 1 branch of the dungeon, and saw 2 of its levels.

You collected 9 gold pieces.

Inventory:

Scrolls
 b - 2 scrolls of identify {unknown}
 d - a scroll of immolation {unknown}
 e - a scroll of enchant armour {unknown}
 f - 2 scrolls of remove curse {unknown}
 g - 2 scrolls of teleportation {unknown}
 i - a scroll of blinking {unknown}
 k - a scroll of fog {unknown}
Potions
 c - a potion of flight {unknown}
 h - a potion of heal wounds {unknown}
 j - 2 potions of haste {unknown}
 l - a potion of stabbing {unknown}
Comestibles
 a - 2 rations


   Skills:
 - Level 3.0 Fighting
 - Level 4.0 Dodging
 + Level 5.1 Stealth
 - Level 3.0 Unarmed Combat


You had 2 spell levels left.
You didn't know any spells.
Your spell library was empty.

Dungeon Overview and Level Annotations

Branches:
Dungeon (2/15)

Altars:


Innate Abilities, Weirdness & Mutations

You cannot wear armour.
You are incapable of wielding weapons or throwing items.
Your paws allow you to move quietly. (Stealth)
You have sharp claws.
You have razor-sharp teeth.
You have supernaturally acute eyesight. (SInv)
You are carnivorous and can eat meat at any time.
You cover ground quickly.
You are covered in fur. (AC +1)
You have a slow metabolism.
Your sharp claws are effective at attacking unaware monsters.


Message History

You are too injured to fight recklessly!
You are too injured to fight recklessly!
You are too injured to fight recklessly!
You are too injured to fight recklessly!
You are too injured to fight recklessly!
You are too injured to fight recklessly!
You are too injured to fight recklessly!
You are too injured to fight recklessly!
You are too injured to fight recklessly!
You are too injured to fight recklessly!
You are too injured to fight recklessly!
You are too injured to fight recklessly!
You are too injured to fight recklessly!
You are too injured to fight recklessly!
You are too injured to fight recklessly!
You are too injured to fight recklessly!
You are too injured to fight recklessly!
You barely miss the iguana. You bite the iguana, but do no damage.
The iguana bites you.
You die...

#.# .. ..# ...... .# ..#
...... .# ..###..... .#
......... .#### .......#
....r .......#
########..# #......#
#.........#####
##.....#.#.##...@l.....#
##...##.#.#.†.........#
#.#.##.#.#...........#
#.#.##.#.#.........!)#
###.#.##.#.#...........#
#.....##.#.#...........#
#.#...##.#.#...........#
#.#.##.#.#.###########
####....#.#


You could see an iguana.

Vanquished Creatures
  2 dart slugs (D:1)
  A ball python (D:2)
  A giant cockroach (D:1)
  6 hobgoblins (D:1)
  5 kobolds
  3 bats (D:1)
  A frilled lizard (D:1)
  3 goblins (D:1)
  4 rats (D:1)
26 creatures vanquished.

Notes
Turn   | Place    | Note
-------+----------+-------------------------------------------
     0 | D:1      | Descartes the Felid Monk began the quest for the Orb.
     0 | D:1      | Reached XP level 1. HP: 10/10 MP: 2/2
    31 | D:1      | Reached skill level 3 in Stealth
    86 | D:1      | Reached XP level 2. HP: 14/14 MP: 3/3
    92 | D:1      | Reached skill level 4 in Stealth
   662 | D:1      | Reached skill level 5 in Stealth
   851 | D:1      | Reached XP level 3. HP: 16/17 MP: 4/4
  1162 | D:2      | Slain by an iguana

Illustrated notes

Levels and vault maps discovered:
D:1:      dpeg_arrival_pits, layout_loops_ring
D:2:      layout_basic, kennysheep_cross_bottleneck, kennysheep_jessica_study,
          uniq_terence

Skill      XL: |  1  2 |
---------------+-------+-----
Stealth        | 3 5 |  5.1
Fighting       | |  3.0
Dodging        | |  4.0
Unarmed Combat | |  3.0

Action                   || total
-------------------------++-------
Melee: Unarmed           ||    67
       Punch             ||     2
       Bite              ||     5
 Stab: Sleeping          ||     7
  Eat: Chunk             ||     8
Armor: Skin              ||     3
Dodge: Dodged            ||    53
